 Dungeon Crawl Stone Soup version 0.31-a0-43-g46d131a48f (webtiles) character file.

Game seed: 5159056244411841476

987 Gynju the Cleaver (level 7, -4/57 HPs)
             Began as a Minotaur Fighter on May 19, 2023.
             Was an Initiate of Okawaru.
             Slain by Maggie
             ... wielding a +2 war axe of flaming
              (5 damage)
             ... on level 6 of the Dungeon.
             The game lasted 00:04:15 (4664 turns).

Gynju the Cleaver (Minotaur Fighter)                Turns: 4664, Time: 00:04:16

Health: -4/57      AC:  9    Str: 23    XL:     7   Next: 97%
Magic:  5/6        EV:  7    Int:  5    God:    Okawaru [......]
Gold:   244        SH: 11    Dex:  9    Spells: 6/6 levels left

rFire   . . .        a - +0 war axe
rCold   . . .        m - +0 tower shield
rNeg    . . .        b - +0 scale mail
rPois   .            (helmet restricted)
rElec   .            u - +0 cloak
rCorr   .            o - +0 pair of gloves
SInv    .            (no boots)
Will    .....        (no amulet) Stlth
                     e - ring of flight
HPRegen 0.29/turn    (no ring)
MPRegen 0.10/turn

%: no passive effects
@: flying, mesmerised
A: horns 2, retaliatory headbutt
a: Renounce Religion


You were on level 6 of the Dungeon.
You worshipped Okawaru.
Okawaru was noncommittal.
You visited 2 branches of the dungeon, and saw 7 of its levels.

You collected 244 gold pieces.

Inventory:

Hand Weapons
 a - a +0 war axe (weapon)
Armour
 b - a +0 scale mail (worn)
 c - a +0 buckler
 m - a +0 tower shield (worn)
 o - a +0 pair of gloves (worn)
 u - a +0 cloak (worn)
Jewellery
 e - a ring of flight (left hand)
 r - an amulet of reflection
Wands
 v - a wand of polymorph (6)
Scrolls
 f - a scroll of silence {unknown}
 h - 5 scrolls of identify {unknown}
 i - 3 scrolls of fear {unknown}
 j - a scroll of enchant armour {unknown}
 n - 2 scrolls of blinking {unknown}
 p - 2 scrolls of enchant weapon {unknown}
 t - a scroll of torment {unknown}
Potions
 d - a potion of invisibility {unknown}
 g - a potion of curing {unknown}
 k - 2 potions of attraction {unknown}
 l - a potion of lignification {unknown}
 q - a potion of heal wounds
 s - a potion of haste {unknown}


   Skills:
 - Level 3.6 Fighting
 + Level 11.2 Axes
 - Level 3.6 Armour
 - Level 3.6 Shields


You had 6 spell levels left.
You didn't know any spells.
Your spell library contained the following spells:

 Spells                   Type           Power      Damage    Failure   Level
 Hailstorm                Conj/Ice       0%         3d3       100%        3
 Ice Form                 Ice/Tmut       0%         N/A       100%        4
 Simulacrum               Ice/Necr       Unusable   N/A       N/A         6

Dungeon Overview and Level Annotations

Branches:
Dungeon (6/15)             Temple (1/1) D:4

Altars:
Ashenzari
Cheibriados
Dithmenos
Elyvilon
Gozag
Hepliaklqana
Makhleb
Nemelex Xobeh
Okawaru
Ru
Sif Muna
Trog
Uskayaw
Vehumet
Xom
Yredelemnul
The Shining One

Shops:
D:2 [

Annotations:
D:6 Maggie


Innate Abilities, Weirdness & Mutations

You have a pair of horns on your head.
You reflexively headbutt those who attack you in melee.


Message History

Maggie is moderately wounded.
You feel like a meek peon again. You block Maggie's attack.
You slash Maggie! Your headbutt misses Maggie.
Maggie is heavily wounded.
Maggie hits you with a +2 war axe of flaming!
Maggie burns you.
You hit Maggie.
Maggie is heavily wounded.
Maggie hits you with a +2 war axe of flaming.
Maggie burns you.
You barely miss Maggie.
Maggie is heavily wounded.
You break out of your daze.
Maggie casts a spell.
Maggie attempts to bespell you! You resist.
You hit Maggie.
Maggie is heavily wounded.
Maggie says, "Did Master Lance send you?"
You block Maggie's attack.
Maggie hits you with a +2 war axe of flaming!
Maggie burns you.
* * * LOW HITPOINT WARNING * * *
You hit Maggie.
Maggie is heavily wounded.
Maggie hits you with a +2 war axe of flaming.
* * * LOW HITPOINT WARNING * * *
Maggie burns you.
* * * LOW HITPOINT WARNING * * *
You closely miss Maggie.
Maggie is heavily wounded.
Maggie gestures wildly while chanting.
Maggie attempts to bespell you!
You are mesmerised by Maggie!
You closely miss Maggie.
Maggie is heavily wounded.
Maggie hits you with a +2 war axe of flaming!
* * * LOW HITPOINT WARNING * * *
Maggie burns you.
You die...

# #. ### # #.
..###..
#.#+#....)..
#....@.....#
#...@.......
#..<..$....#
#.............
###........###+
. #...........
#..#+#+#....
... ..... ##..
..... !##.. ..


You could see Maggie (mesmerising).

Vanquished Creatures
  Pikel (D:5)
  Sigmund (D:4)
  A black bear (D:4)
  2 hounds
  A jelly (D:5)
  A gnoll bouda (D:5)
  An iguana (D:5)
  3 gnolls (D:5)
  7 adders
  2 worms (D:2)
  3 dart slugs
  2 orcs
  2 bats
  4 endoplasms
  4 giant cockroaches
  5 goblins
  4 hobgoblins
  6 jackals
  6 quokkas
  8 ball pythons
  5 frilled lizards
  9 kobolds
  5 rats
83 creatures vanquished.

Notes
Turn   | Place    | Note
-------+----------+-------------------------------------------
     0 | D:1      | Gynju the Minotaur Fighter began the quest for the Orb.
     0 | D:1      | Reached XP level 1. HP: 19/19 MP: 0/0
    77 | D:1      | Reached skill level 3 in Axes
   110 | D:1      | Reached XP level 2. HP: 26/26 MP: 1/1
   252 | D:1      | Reached skill level 4 in Axes
   357 | D:1      | Reached XP level 3. HP: 31/31 MP: 2/2
   907 | D:2      | Reached skill level 5 in Axes
   974 | D:2      | Reached XP level 4. HP: 39/39 MP: 3/3
  1111 | D:2      | Found Kocaap's Armour Boutique.
  1610 | D:3      | Found an opulent altar of Gozag.
  1611 | D:3      | Found an opulent altar of Gozag.
  1616 | D:3      | Found an opulent altar of Gozag.
  1756 | D:3      | Found a faded altar of an unknown god.
  2030 | D:3      | Reached skill level 6 in Axes
  2241 | D:3      | Found an opulent altar of Gozag.
  2269 | D:3      | Found a hazy altar of Hepliaklqana.
  2490 | D:4      | Noticed Sigmund
  2502 | D:4      | Killed Sigmund
  2503 | D:4      | Reached skill level 7 in Axes
  2503 | D:4      | Reached XP level 5. HP: 13/45 MP: 4/4
  2503 | D:4      | Reached XP level 6. HP: 15/51 MP: 5/5
  2726 | D:4      | Found a radiant altar of Vehumet.
  2801 | D:4      | Reached skill level 8 in Axes
  2900 | D:4      | Found a staircase to the Ecumenical Temple.
  3297 | Temple   | Entered the Ecumenical Temple
  3475 | D:5      | Entered Level 5 of the Dungeon
  3560 | D:5      | Found an iron altar of Okawaru.
  3590 | D:5      | Found a burning altar of Makhleb.
  3596 | D:5      | Reached skill level 9 in Axes
  3612 | D:5      | Became a worshipper of Warmaster Okawaru
  3818 | D:5      | Noticed Pikel
  3827 | D:5      | Killed Pikel
  3827 | D:5      | Reached * piety under Okawaru
  3828 | D:5      | Reached skill level 11 in Axes
  3828 | D:5      | Reached XP level 7. HP: 39/57 MP: 6/6
  4646 | D:6      | Noticed Maggie
  4664 | D:6      | HP: 1/57 [Maggie/+2 war axe of flaming (9)]
  4664 | D:6      | Slain by Maggie

Illustrated notes

Levels and vault maps discovered:
D:1:      lemuel_arrival_river_ford, layout_loops_cross,
          nicolae_kite_square_tiling_tiny
D:2:      layout_loops_ring, serial_aquarium, aquarium_bridge_square
          [aquarium_subvault_bridge, aquarium_subvault_wall,
          aquarium_subvault_bridge, aquarium_subvault_wall],
          aquarium_bridge_island_small [aquarium_subvault_small_open,
          aquarium_subvault_bridge, aquarium_subvault_bridge,
          aquarium_subvault_bridge, aquarium_subvault_window],
          aquarium_window_fake, aquarium_window_double, aquarium_window_corner,
          aquarium_view_4, aquarium_view_2b, serial_shops,
          nicolae_shop_tiny_glass
D:3:      layout_loops_ring, lemuel_round_altar,
          nicolae_gozag_conspicuous_consumption,
          dreamdust_ecumenical_altar_hidden_monk_grotto, chequers_mini_garden,
          nrook_mini_backslash
D:4:      layout_rooms, kennysheep_little_box, minmay_temple_entry_arrows,
          patterned_corridor, uniq_sigmund
D:5:      layout_basic, mainiacjoe_overflow_large_starburst, uniq_pikel
D:6:      layout_basic, grunt_temple_overflow_growth_and_decay,
          lemuel_doored_altar, gammafunk_ghost_hive, uniq_maggie
Temple:   nicolae_temple_godzebo

Skill      XL: |  1  2  3  4  5  6 |
---------------+-------------------+-----
Axes           | 3 4 5 7 11 | 11.2
Fighting       | |  3.6
Armour         | |  3.6
Shields        | |  3.6

Action                     |  1- 3 |  4- 6 |  7- 9 || total
---------------------------+-------+-------+-------++-------
  Melee: War axe           |    77 |    97 |    25 ||   199
         Headbutt          |     6 |     9 |     4 ||    19
 Invoke: Heroism           |       |       |     1 ||     1
    Use: Potion            |       |     1 |       ||     1
 Armour: Scale mail        |    33 |    53 |     2 ||    88
  Dodge: Dodged            |    25 |    32 |     4 ||    61
  Block: Buckler           |    24 |     5 |       ||    29
         Tower shield      |       |    45 |     9 ||    54

Table legend: (Time is in decaauts)
 A = Elapsed time spent in this place.
 B = Non-inter-level travel time spent in this place.
 C = Inter-level travel time spent in this place.
 D = Time resting spent in this place.
 E = Time spent auto-exploring this place.
 F = Levels seen in this place.
 G = Mean time per level.
                   A        B        C        D        E       F      G
               +--------+--------+--------+--------+--------+-----+--------+
         Total |   4728 |   4531 |    197 |      0 |   3862 |   7 |  675.4 |
       Dungeon |   4586 |   4389 |    197 |      0 |   3788 |   6 |  764.3 |
        Temple |    142 |    142 |      0 |      0 |     74 |   1 |  142.0 |
               +--------+--------+--------+--------+--------+-----+--------+

Top non-repeatable levels by time:
     D:5: 1182 daAuts
     D:3: 962 daAuts
     D:4: 910 daAuts
     D:1: 769 daAuts
     D:2: 742 daAuts
  Temple: 142 daAuts
     D:6: 18 daAuts
